 Dungeon Crawl Stone Soup version 0.27.1-34-g3ba077fa99 (webtiles) character file.

Game seed: 13067279415445394954

51 DildoBatman the Conjurer (level 4, 0/30 HPs)
             Began as a Formicid Conjurer on Jan 18, 2022.
             Slain by Robin (7 damage)
             ... on level 2 of the Dungeon.
             The game lasted 00:03:14 (1140 turns).

DildoBatman the Conjurer (Formicid Conjurer)        Turns: 1140, Time: 00:03:14

Health: 0/30       AC:  2    Str: 12    XL:     4   Next: 5%
Magic:  5/7        EV: 12    Int: 17    God:
Gold:   68         SH:  0    Dex: 10    Spells: 4/7 levels left

rFire    . . .     SeeInvis +   a - +0 short sword (elec)
rCold    . . .     Faith    .   (no shield)
rNeg     . . .     Spirit   .   e - +0 robe
rPois    .         Reflect  .   (helmet unavailable)
rElec    .         Harm     .   (no cloak)
rCorr    .         Rampage  .   (no gloves)
Will     .....                  (no boots)
Stlth    ++........             (no amulet)
HPRegen  0.10/turn              c - ring of wizardry
MPRegen  0.10/turn              (no ring)

@: no status effects
A: permanent stasis, dig shafts and tunnels, antennae 3, four strong arms
a: Dig, Shaft Self


You were on level 2 of the Dungeon.
You visited 1 branch of the dungeon, and saw 2 of its levels.

You collected 68 gold pieces.

Inventory:

Hand Weapons
 a - a +0 short sword of electrocution (weapon)
 b - a +0 hunting sling
Missiles
 g - 15 sling bullets
Armour
 e - a +0 robe (worn)
Jewellery
 c - a ring of wizardry (left hand)
Scrolls
 d - a scroll of fear {unknown}
 i - a scroll of teleportation {unknown}
 k - a scroll of identify {unknown}
Potions
 f - a potion of flight {unknown}
 h - a potion of heal wounds {unknown}
 j - a potion of brilliance {unknown}


   Skills:
 - Level 1.7 Dodging
 - Level 2.4 Stealth
 - Level 2.1 Spellcasting
 * Level 4.9 Conjurations


You had 4 spell levels left.
You knew the following spells:

 Your Spells              Type           Power      Damage    Failure   Level
a - Searing Ray           Conj           36%        3d4       1%          2
c - Magic Dart            Conj           72%        1d6       1%          1

Your spell library contained the following spells:

 Spells                   Type           Power      Damage    Failure   Level
 Dazzling Flash           Conj/Hex       20%        N/A       9%          3
 Fulminant Prism          Conj/Hex       5%         3d7       26%         4
 Iskenderun's Mystic Bla  Conj/Tloc      10%        2d4       26%         4


Dungeon Overview and Level Annotations

Branches:
Dungeon (2/15)

Altars:

Annotations:
D:2 Robin


Innate Abilities, Weirdness & Mutations

You cannot be hasted, slowed, berserked, paralysed or teleported.
You can dig through walls and to a lower floor.
You have a pair of large antennae on your head. (SInv)
Your four strong arms can wield two-handed weapons with a shield.


Message History

Press: ? - help, Shift-Dir - straight line, f - quokka
Aim: a quokka (69% to hit)
The searing ray hits the quokka.
The quokka is heavily wounded. (Press . to maintain the ray.)
The searing ray hits the quokka.
You kill the quokka!
You sense a monster nearby.
A goblin and 2 hobgoblins come into view.
The hobgoblin shouts!
The goblin shouts!
You hear a shout! x2
A kobold comes into view. It is wielding a +0 short sword.
You hear a shout!
You hear a shout!
You extend your mandibles.
You dig through the rock wall.
You hear a shout!
The kobold misses you. The kobold closely misses you.
The hobgoblin closely misses you.
You hear a shout!
You retract your mandibles.
The hobgoblin hits you. The goblin barely misses you.
You extend your mandibles.
You dig through the rock wall. 2 goblins, 2 hobgoblins and Robin come into view.
Robin is wielding a +4 spear of freezing.
Robin shouts!
The hobgoblin shouts!
The hobgoblin hits you. The goblin hits you with a +0 dagger.
Robin throws the goblin at you! The hobgoblin hits you.
The goblin closely misses you. The hobgoblin hits you.
You dig through the rock wall.
Robin hits you with a +4 spear of freezing!
You die...

.... #. ###.# #.
#.# #. #.. #g #..
#g ... #. ## #g##
#g@# . #..## ##
#ggg##
###gK#########
#............#
#.#.##.#####.######
#.#.##.##.##.##....
# #.............###
####.##.##.#### #


You could see Robin, 4 hobgoblins, 3 goblins and a kobold.

Vanquished Creatures
  2 adders (D:2)
  3 ball pythons (D:1)
  2 endoplasms (D:2)
  A giant cockroach (D:1)
  A goblin (D:1)
  5 hobgoblins
  4 jackals (D:1)
  3 kobolds (D:1)
  2 quokkas
  A bat (D:1)
  2 frilled lizards (D:1)
  4 rats
30 creatures vanquished.

Notes
Turn   | Place    | Note
-------+----------+-------------------------------------------
     0 | D:1      | DildoBatman the Formicid Conjurer began the quest for the
                  | Orb.
     0 | D:1      | Reached XP level 1. HP: 13/13 MP: 3/3
   199 | D:1      | Reached XP level 2. HP: 10/19 MP: 1/5
   222 | D:1      | Reached skill level 4 in Conjurations
   225 | D:1      | Learned a level 2 spell: Searing Ray
   577 | D:1      | Reached XP level 3. HP: 16/24 MP: 2/6
  1060 | D:2      | Reached XP level 4. HP: 13/30 MP: 2/7
  1139 | D:2      | Noticed Robin
  1140 | D:2      | Slain by Robin

Illustrated notes

Levels and vault maps discovered:
D:1:      minmay_arrival_split_and_join, layout_loops_ring, st_stairs_4,
          chequers_serial_rivers_small_a
D:2:      layout_loops_cross, uniq_robin, uniq_terence

Skill      XL: |  1  2 |
---------------+-------+-----
Conjurations   | 4 |  4.9
Dodging        | |  1.7
Stealth        | |  2.4
Spellcasting   | |  2.1

Action                   |  1- 3 |  4- 6 || total
-------------------------+-------+-------++-------
Melee: Unarmed           |     7 |       ||     7
       Quarterstaff      |     2 |       ||     2
       Short sword       |     5 |       ||     5
 Cast: Magic Dart        |    33 |       ||    33
       Searing Ray       |     7 |     1 ||     8
 Abil: Dig               |       |     2 ||     2
Armor: Robe              |     3 |       ||     3
Dodge: Dodged            |     8 |     6 ||    14
